 Dungeon Crawl Stone Soup version 0.26-a0-489-g112e8ad46e (webtiles) character file.

Game seed: 16452744094428454411

1631802 ANON1729 the Shatterer (level 27, 290/297 HPs)
             Began as a Troll Berserker on Aug 2, 2020.
             Was a High Priest of Trog.
             Escaped with the Orb
             ... and 3 runes on Aug 3, 2020!
             The game lasted 04:09:14 (83191 turns).

ANON1729 the Shatterer (Troll Berserker)           Turns: 83191, Time: 04:09:15

Health: 290/297    AC: 38    Str: 51    XL:     27
Magic:  22/22      EV: 19    Int:  3    God:    Trog [*****.]
Gold:   9508       SH:  0    Dex: 17    Spells: 26/26 levels left

rFire    + + +     SeeInvis +   c - +3 giant club "Skullcrusher" {speed, Str+7}
rCold    + . .     Faith    .   (shield currently unavailable)
rNeg     + + .     Spirit   +   j - +7 gold dragon scales
rPois    +         Reflect  .   e - +2 hat {MR+}
rElec    .         Harm     .   W - +2 cloak {MR+}
rCorr    .                      (gloves unavailable)
MR       +++++                  (boots unavailable)
Stlth    ..........             t - amulet "Uher" {Spirit rN+ Str+4}
HPRegen  0.99/turn              D - ring "Tobeot" {*Drain +Inv rF+ Dex+8 Stlth+}
MPRegen  0.18/turn              I - ring of the Shining Light {rF+ rN+ MR++ SInv}

@: no status effects
A: large, unfitting armour, beak, claws 3, dopey 1, mutation resistance 1,
regeneration 1, shaggy fur 1, tough skin 3
0: Orb of Zot
}: 3/15 runes: decaying, abyssal, gossamer
a: Berserk, Trog's Hand, Brothers in Arms, Renounce Religion, Evoke Invisibility


You escaped.
You worshipped Trog.
Trog was extremely pleased with you.
You visited 11 branches of the dungeon, and saw 52 of its levels.
You visited the Abyss 2 times.
You visited 1 bazaar.
You also visited: Bailey and Gauntlet.

You collected 12542 gold pieces.
You spent 3034 gold pieces at shops.

Inventory:

Hand Weapons
 c - the +3 giant club "Skullcrusher" (weapon) {speed, Str+7}
   (You found it on level 2 of the Depths)

   Attacks with this weapon are significantly faster.
   It affects your strength (+7).
 A - the +6 giant club of the Pariah {holy, rN+ MR+ Str+3 Int+3}
   (You acquired it on level 15 of the Dungeon)

   It has been blessed by the Shining One to cause great damage to the undead
   and demons.
   It affects your strength (+3).
   It affects your intelligence (+3).
   It protects you from negative energy.
   It affects your resistance to hostile enchantments.
 B - a +9 eveningstar of protection
 R - the +7 great mace "Firestarter" {inner flame, rF++}
   (You found it on level 3 of the Depths)

   It has been specially enchanted to burn those struck by it, causing extra
   injury to most foes and up to half again as much damage against particularly
   susceptible opponents.
   It greatly protects you from fire.
 Z - the +7 morningstar of Jogg {vorpal, Dex+5 Stlth+}
   (Trog gifted it to you on level 3 of the Abyss)

   It inflicts extra damage upon your enemies.
   It affects your dexterity (+5).
   It makes you more stealthy.
Missiles
 V - 13 silver javelins (quivered)
Armour
 e - a +2 hat of magic resistance (worn)
 j - +7 gold dragon scales (worn)
 u - a +2 robe of resistance
 W - a +2 cloak of magic resistance (worn)
 X - a +2 kite shield of protection
Jewellery
 f - an uncursed amulet of reflection
 g - an uncursed amulet of the acrobat
 i - the ring "Zoihuthi" {rC++ rN+ Str+4}
   (You found it on level 3 of the Crypt)

   [ring of positive energy]

   It affects your strength (+4).
   It greatly protects you from cold.
   It protects you from negative energy.
 s - a cursed ring of protection from cold
 t - the amulet "Uher" (around neck) {Spirit rN+ Str+4}
   (You found it on level 5 of the Lair of Beasts)

   [amulet of guardian spirit]

   It causes incoming damage to be split between your health and magic.
   It affects your strength (+4).
   It protects you from negative energy.
 D - the ring "Tobeot" (left claw) {*Drain +Inv rF+ Dex+8 Stlth+}
   (You found it on level 3 of the Elven Halls)

   [ring of protection from fire]

   It affects your dexterity (+8).
   It protects you from fire.
   It lets you turn invisible.
   It causes draining when unequipped.
   It makes you more stealthy.
 I - the ring of the Shining Light (right claw) {rF+ rN+ MR++ SInv}
   (You took it off an ancient champion on level 2 of the Crypt)

   [ring of positive energy]

   It protects you from fire.
   It protects you from negative energy.
   It affects your resistance to hostile enchantments.
   It lets you see invisible.
 Q - the ring "Nioxiok" {MP+9 AC+4}
   (You found it on level 11 of the Dungeon)

   [ring of protection]

   It affects your AC (+4).
   It affects your magic capacity (+9).
 S - the ring "Suntiv" {+Blink rPois rC- Int-3 Stlth+}
   (You bought it in a shop on level 1 of the Depths)

   [ring of stealth]

   It affects your intelligence (-3).
   It makes you vulnerable to cold.
   It protects you from poison.
   It lets you blink.
   It makes you more stealthy.
Wands
 o - a wand of acid (30)
 C - a wand of clouds (3)
 H - a wand of iceblast (48)
 N - a wand of digging (6)
Scrolls
 b - 2 scrolls of blinking
 m - 13 scrolls of fog
 n - 11 scrolls of immolation
 p - 23 scrolls of teleportation
 q - a scroll of holy word
 r - 29 scrolls of remove curse
 w - 18 scrolls of fear
 x - 2 scrolls of silence
 K - 6 scrolls of summoning
 M - 8 scrolls of enchant weapon
 P - 26 scrolls of identify
 T - 5 scrolls of brand weapon
 Y - 4 scrolls of magic mapping
Potions
 a - 8 potions of might
 d - 12 potions of curing
 h - 19 potions of stabbing
 k - a potion of heal wounds
 l - 4 potions of haste
 v - 6 potions of invisibility
 z - 4 potions of flight
 E - 6 potions of lignification
 F - a potion of cancellation
 J - 4 potions of mutation
 L - 9 potions of magic
 O - 4 potions of berserk rage
 U - 22 potions of ambrosia
Miscellaneous
 G - a tin of tremorstones (3/3)


   Skills:
 + Level 21.4 Fighting
 + Level 22.9 Maces & Flails
 + Level 9.3 Throwing
 * Level 17.4 Armour
 * Level 21.0 Dodging
 - Level 13.0 Shields
 * Level 11.2 Evocations


You had 26 spell levels left.
You didn't know any spells.
Your spell library was empty.

Dungeon Overview and Level Annotations

Branches:
Dungeon (15/15)            Temple (0/1) D:6            Lair (6/6) D:8
  Swamp (4/4) Lair:2       Spider (4/4) Lair:2        Slime (0/5) Lair:5
    Orc (2/2) D:11            Elf (3/3) Orc:2        Vaults (4/5) D:13
  Crypt (3/3) Vaults:3       Tomb (0/3) Crypt:3      Depths (5/5) D:15
   Hell (visited)             Dis (0/7) Hell            Geh (0/7) Hell
    Coc (0/7) Hell            Tar (0/7) Hell            Zot (5/5) Depths:5
 Bailey (visited)         Gauntlet (visited)

Altars:
Dithmenos
Fedhas
Gozag
Kikubaaqudgha
Makhleb
Nemelex Xobeh
Okawaru
Ru
Sif Muna
Trog
Vehumet
Wu Jian
Yredelemnul
Beogh
Jiyva
Lugonu

Shops:
D:4 :   D:6 [   D:12 ?   D:14 *   D:15 *   Orc:2 =(*[*   Vaults:2 [
Depths:1 ?=}=*

Portals:
Hell: Lair:6 Depths:1 Depths:2 Depths:3 Depths:4 Depths:5
Abyss: Crypt:2 Depths:1 Depths:3 Depths:4
Pandemonium: Depths:1 Depths:2 Depths:3
Ziggurat: Depths:3

Annotations:
Lair:5 1 runed translucent door
Swamp:2 2 transporters, Nites's ghost, adept OpFi
Swamp:4 Lernaean hydra
Elf:1 2 runed translucent doors, brujo666's ghost, adept GnGl
Elf:2 3 runed translucent doors, exclusion: 3 doors


Innate Abilities, Weirdness & Mutations

You are too large for most types of armour.
You have claws for hands.
Your natural rate of healing is unusually fast.
You are covered in fur. (AC +1)
You have extremely tough skin. (AC +3)
You have a beak for a mouth.
You are dopey. (Int -2)
You are somewhat resistant to further mutation.


Message History

No target in view!
No target in view!
No target in view!
No target in view!
There is a staircase leading out of the dungeon here.
Really quaff the potion of mutation?
You feel extremely strange. Nature stops experimenting on you.
You feel healthier.
Your hooves expand and flesh out into feet!
You feel yourself wasting away.
You feel resistant to heat.
Really quaff the potion of mutation?
You feel extremely strange.
You no longer feel heat resistant.
You feel healthier.
You feel stupid.
You feel genetically stable.
Your inner flame fades away.
You feel stronger.
Your claws tingle!
c - the +3 giant club "Skullcrusher" (weapon)
{speed, Str+7}
Okay, then.
You have escaped!

# #.#.#.###.####.######.# #
#.#.#.#...#...........# #
#.#.#.#.#.#.###########
#######.#.#...#...........#
#.....#...#.###§#####.###.#
#.###.###.#.#...#...#...#.#
#†#...#.#.#.#.##°°#.###.###
#.#.###.#...#.§.☼.#...#...#
#.#)..#.###.###.@°###.###.#
#.###(#...#...#.....#...#.#
#.....###.###.#.##..#.#.#.#
####..#.#...#...#...#.#.###
......#.###.#####.###.#...#
#####.#...........#...#.#.#
......#########.###.#.#.#.#
#####...........#...#.#.#.#
(.....######.####.###.#.#.#


There were no monsters in sight!

Vanquished Creatures
  4 ancient liches
  4 orbs of fire (Zot:5)
  Boris (Vaults:3)
  9 Killer Klowns
  A pandemonium lord (D:9)
  2 curse toes (Crypt:3)
  11 golden dragons
  A caustic shrike (Depths:4)
  Geryon (Hell)
  Jory (Vaults:4)
  Nikola (Vaults:3)
  2 bone dragons
  3 electric golems
  15 tentacled monstrosities
  10 liches
  28 Orb Guardians
  3 quicksilver dragons
  Asterion (Spider:2)
  An Ice Fiend (D:9)
  4 deep elf blademasters
  An Executioner (D:1)
  Gastronok (Lair:1)
  Agnes (D:14)
  7 sphinxes
  A deep elf master archer (Elf:3)
  Murray (Depths:5)
  7 ancient champions
  3 thorn hunters
  11 tentacled starspawn
  The ghost of Nites the Warrior, an adept OpFi of Okawaru (Swamp:1)
  9 shadow dragons
  6 death cobs
  Frances (Swamp:1)
  Roxanne (Swamp:2)
  11 storm dragons
  Donald (Swamp:2)
  A tengu reaver (Depths:5)
  3 revenants
  3 draconian monks
  The ghost of Lofupn the Imperceptible, an adept SpEn of Wu Jian (Vaults:1)
  2 orc warlords
  6 fire giants
  7 vault wardens
  5 draconian knights
  14 frost giants
  4 iron dragons
  6 ghost moths
  A cacodemon (Abyss:1)
  4 draconian scorchers
  4 curse skulls
  Aizul (Spider:3)
  4 draconian stormcallers
  10 emperor scorpions
  4 deep elf elementalists (Elf:3)
  8 deep elf sorcerers
  12 ghouls
  3 reapers
  5 draconian annihilators
  4 draconian shifters
  14 ironheart preservers
  22 stone giants
  A war gargoyle (Hell)
  2 spriggan defenders (Depths:4)
  23 very ugly things
  A blood saint (D:15)
  5 entropy weavers
  10 deep elf annihilators
  14 purple draconians
  3 vampire knights
  A juggernaut skeleton (Depths:2)
  4 deep elf demonologists
  11 green draconians
  Nessos (D:13)
  A lorocyproca (Depths:5)
  9 yellow draconians
  5 white draconians
  16 black draconians
  11 red draconians
  6 spark wasps
  A dire elephant (Abyss:3)
  6 eidola
  A minotaur (Gauntlet)
  10 ettins
  7 deep elf death magi
  The ghost of Giuzximp the Fighter, a journeyman GnWn of Ashenzari (Lair:1)
  2 green deaths
  11 fire dragons
  4 blizzard demons
  11 jiangshi
  9 great orbs of eyes
  2 quicksilver dragon zombies
  9 yaktaur captains
  Josephine (D:13)
  4 deep elf high priests
  A quicksilver dragon skeleton (Crypt:1)
  5 spriggan air magi (Depths:4)
  Harold (D:11)
  A hell beast (Hell)
  18 hydras
  3 ghost crabs
  10 ice dragons
  9 rakshasas
  6 vault guards
  Erica (Orc:1)
  4 catoblepae
  A shambling mangrove (Swamp:3)
  7 centaur warriors
  6 death knights
  11 deep troll shamans
  16 alligators
  15 ogre magi
  A satyr (Abyss:3)
  A satyr (shapeshifter) (Elf:3)
  50 two-headed ogres
  Urug (D:13)
  28 dancing weapons
  6 spriggan berserkers
  A queen ant (shapeshifter) (Abyss:3)
  4 deep troll earth magi
  7 vampire magi
  7 thrashing horrors
  6 tengu warriors
  14 death yaks
  A titan zombie (Crypt:1)
  3 orc high priests (Orc:2)
  Nergalle (Lair:1)
  4 soul eaters
  27 deep elf knights
  6 sun demons
  3 iron trolls
  6 wretched stars (Abyss:3)
  39 skeletal warriors
  2 storm dragon zombies
  25 hell knights
  2 shadow wraiths
  An anaconda zombie (Crypt:2)
  4 sixfirhies
  A spriggan druid (Swamp:4)
  7 flayed ghosts
  A torturous demonspawn (D:15)
  A storm dragon skeleton (Abyss:3)
  5 unseen horrors
  7 glowing orange brains
  14 swamp dragons
  14 starcursed masses (Abyss:3)
  An orange crystal statue (D:14)
  26 deep trolls
  An iron giant skeleton (Crypt:1)
  14 deep elf archers
  2 wizards
  7 harpies
  2 golden dragon skeletons (Crypt:3)
  3 anaconda skeletons (Hell)
  A spectral hydra (Lair:4)
  11 necromancers
  A harpy (shapeshifter) (Vaults:3)
  8 phantasmal warriors
  73 deep elf magi
  3 cyclopes
  16 ironbrand convokers
  A mana viper (shapeshifter) (Depths:3)
  9 orc sorcerers
  A spectral alligator (Swamp:1)
  A sphinx skeleton (Crypt:2)
  18 orc knights
  13 orb spiders
  27 wolf spiders
  68 ugly things
  A cyclops (shapeshifter) (Elf:3)
  2 manticores (shapeshifter)
  A fire giant zombie (Depths:2)
  30 moths of wrath
  A stone giant skeleton (Depths:2)
  A fire giant skeleton (Depths:2)
  8 worldbinders
  2 frost giant skeletons
  4 elephants
  2 iron dragon skeletons
  2 rust devils
  3 torpor snails
  A salamander (Abyss:3)
  A spriggan zombie (Depths:2)
  A water nymph (shapeshifter) (Elf:1)
  An orange demon (Abyss:1)
  Psyche (D:8)
  9 vault sentinels
  2 ice statues
  A black mamba (shapeshifter) (Depths:2)
  4 black mambas
  2 molten gargoyles
  16 cane toads
  6 centaur zombies
  An eye of devastation (shapeshifter) (Depths:3)
  13 smoke demons
  A gargoyle (Vaults:4)
  Maggie (D:7)
  A naga mage (Vaults:4)
  10 rime drakes
  2 emperor scorpion zombies
  11 freezing wraiths
  33 yaktaurs
  2 hellions
  10 komodo dragons
  2 kobold demonologists (Swamp:3)
  2 efreet
  The ghost of paps the Changer, a novice OpTm of Kikubaaqudgha (D:5)
  A rime drake (shapeshifter) (Depths:1)
  2 guardian mummies (Crypt:3)
  4 hellwings
  6 ice devils
  A spark wasp simulacrum (Depths:2)
  A minotaur skeleton (Crypt:3)
  A spriggan skeleton (Depths:2)
  A queen bee (shapeshifter) (Depths:1)
  24 demonic crawlers
  8 red devils
  A hydra zombie (Crypt:2)
  A troll (shapeshifter) (Abyss:3)
  6 trolls
  2 ancient zymes (Abyss:3)
  15 hornets
  36 jumping spiders
  2 hydra skeletons
  A queen bee (D:14)
  9 tyrant leeches
  A polar bear (Lair:3)
  2 meliai
  2 hornets (shapeshifter)
  62 slime creatures
  9 raiju
  A dream sheep (shapeshifter) (Depths:3)
  A dream sheep (Lair:6)
  A satyr zombie (Crypt:1)
  Prince Ribbit (D:8)
  11 hippogriffs
  18 blink frogs
  9 bog bodies
  16 large abominations
  A spectral dream sheep (Lair:4)
  A spectral black mamba (Lair:4)
  2 alligator zombies (Hell)
  An alligator skeleton (Crypt:2)
  12 wraiths
  Sigmund (D:3)
  A fire dragon zombie (Crypt:3)
  5 air elementals
  13 flying skulls
  10 water elementals
  2 spriggans (shapeshifter)
  6 spriggans
  A fire dragon skeleton (Crypt:1)
  4 shadows
  20 tarantellas
  5 wyverns
  An ettin skeleton (Crypt:2)
  A vampire (D:15)
  4 ynoxinuls
  47 redbacks
  10 fire elementals
  57 yaks
  Grum (Lair:1)
  A fire bat (Abyss:3)
  6 basilisks
  A hog (shapeshifter) (Depths:2)
  17 humans
  A chaos spawn (Depths:1)
  17 vampire mosquitoes
  9 wargs
  A yaktaur simulacrum (Vaults:1)
  3 neqoxecs
  A death yak simulacrum (Lair:6)
  A spectral cane toad (Lair:4)
  Menkaure (D:7)
  17 swamp worms
  2 soldier ants (D:11)
  A deep troll zombie (Crypt:3)
  9 insubstantial wisps
  4 hydra simulacra
  3 acid dragons
  13 water moccasins
  13 porcupines
  12 swamp drakes
  3 cane toad zombies
  6 hell hounds
  51 orc warriors
  2 ice beasts
  A sky beast (shapeshifter) (Vaults:4)
  2 cane toad skeletons (Hell)
  A phantom (D:10)
  6 sky beasts
  45 ogres
  An eye of draining (Abyss:1)
  A black bear (D:8)
  A black mamba simulacrum (Lair:4)
  A boggart (Vaults:4)
  7 necrophages
  A centaur (shapeshifter) (Depths:1)
  A swamp dragon skeleton (Crypt:1)
  12 wolves
  17 centaurs
  10 crocodiles
  An elephant skeleton (Crypt:2)
  A hog skeleton (Crypt:3)
  A big kobold (D:10)
  A hippogriff zombie (Crypt:3)
  21 bullfrogs
  7 earth elementals
  18 small abominations
  A wyvern zombie (Crypt:1)
  A cane toad simulacrum (Lair:6)
  A hippogriff skeleton (Crypt:3)
  2 wyvern skeletons (D:14)
  4 scorpions
  A queen bee zombie (Crypt:3)
  A warg skeleton (Crypt:2)
  26 wights
  22 killer bees
  4 howler monkeys
  2 electric eels
  2 komodo dragon simulacra (Lair:6)
  5 crimson imps
  5 quasits
  4 hounds
  5 jellies
  2 iron imps
  32 orc priests
  41 orc wizards
  2 bullfrog skeletons
  7 centaur skeletons
  Natasha (D:2)
  Terence (D:3)
  A worker ant (shapeshifter) (Depths:5)
  2 iguanas
  9 worker ants
  A killer bee zombie (D:6)
  A naga skeleton (Crypt:1)
  3 hound skeletons
  A hound zombie (Crypt:1)
  2 mummies (Crypt:3)
  A howler monkey zombie (D:11)
  A worker ant zombie (Crypt:2)
  20 adders
  14 gnolls
  A howler monkey skeleton (Crypt:3)
  2 shadow imps
  A white imp (Depths:2)
  4 ufetubi
  2 oozes
  A halfling zombie (Crypt:1)
  An adder skeleton (D:4)
  2 worms (D:3)
  2 dart slugs
  7 leopard geckos
  114 orcs
  2 ball pythons
  5 bats
  6 giant cockroaches
  14 goblins
  15 hobgoblins
  7 jackals
  28 kobolds
  5 quokkas
  A ball python skeleton (Crypt:2)
  6 frilled lizards
  A frilled lizard skeleton (Crypt:3)
  A jackal skeleton (D:6)
  2 leopard gecko zombies (D:5)
  9 rats
  A briar patch (Abyss:3)
  12 demonic plants (Gauntlet)
  2 fungi
  2 plants
  4 starspawn tentacles
2733 creatures vanquished.

Vanquished Creatures (collateral kills)
  2 ancient liches (Crypt:3)
  A bone dragon (Abyss:3)
  A death cob (Zot:1)
  A draconian scorcher (Zot:1)
  A deep elf sorcerer (Abyss:3)
  A frost giant (Vaults:1)
  A draconian shifter (Zot:4)
  A ghoul (Crypt:1)
  The ghost of Valentain the Thaumaturge, a journeyman GnAE of Vehumet (Lair:4)
  2 stone giants
  An entropy weaver (Spider:4)
  3 very ugly things (Depths:4)
  A reaper (Hell)
  A deep elf demonologist (Elf:3)
  3 green draconians (Zot:4)
  4 deep elf annihilators (Elf:3)
  A spark wasp (Spider:4)
  2 white draconians
  Snorg (D:13)
  A deep elf death mage (Elf:3)
  The ghost of Murumi the Thaumaturge, a journeyman DEFE of Vehumet (Lair:6)
  4 deep elf high priests (Elf:3)
  A rakshasa (Depths:4)
  A spriggan air mage (Depths:4)
  Erolcha (D:10)
  A centaur warrior (D:11)
  A deep troll shaman (Depths:4)
  A tengu warrior (Vaults:1)
  A deep troll earth mage (Depths:4)
  2 deep elf knights (Elf:3)
  A soul eater (Hell)
  3 iron trolls (Depths:4)
  6 deep trolls (Depths:4)
  3 deep elf archers
  An orc knight (Vaults:1)
  A phantasmal warrior (Crypt:1)
  2 ironbrand convokers (Vaults:1)
  An orb spider (Spider:4)
  7 ugly things
  2 deep elf magi (Elf:3)
  A worldbinder (Abyss:3)
  A moth of wrath (Spider:4)
  A water nymph (Abyss:3)
  A vault sentinel (Vaults:1)
  A black mamba (Lair:2)
  A centaur skeleton (D:11)
  A komodo dragon (Lair:2)
  A demonic crawler (Spider:2)
  A hornet (Spider:4)
  A meliai (D:14)
  A tarantella (Spider:2)
  2 redbacks (Spider:4)
  3 shadows
  A spectral cane toad (Lair:4)
  A swamp worm (Swamp:2)
  An ogre (Orc:1)
  A crocodile (Lair:2)
  A bullfrog (D:11)
  A wyvern skeleton (D:11)
  A water moccasin skeleton (D:11)
  9 killer bees
  2 orc wizards (Orc:1)
  An orc priest (Orc:1)
  A worker ant (D:10)
  2 gnolls (Orc:1)
  2 orcs (Orc:1)
  A briar patch (Abyss:3)
112 creatures vanquished.

Vanquished Creatures (others)
  A draconian shifter (Zot:4)
  A rakshasa (Depths:1)
  A dancing weapon (Elf:2)
  An unseen horror (Abyss:3)
  A necromancer (Depths:2)
  A deep elf mage (Elf:3)
  A smoke demon (Abyss:3)
  A yaktaur (Depths:1)
  A red devil (D:9)
  A tyrant leech (Swamp:1)
  A water elemental (Elf:1)
  A human (D:13)
  A chaos spawn (Abyss:3)
  A small abomination (Abyss:3)
  A swamp drake (Swamp:4)
  A centaur (Depths:1)
  A killer bee (D:14)
  2 orcs
  4 briar patches (Swamp:4)
  2 bushes
  22 demonic plants (Gauntlet)
  7 fungi
  8 plants
  15 starspawn tentacles
77 creatures vanquished.

Grand Total: 2922 creatures vanquished

Notes
Turn   | Place    | Note
-------+----------+-------------------------------------------
     0 | D:1      | ANON1729 the Troll Berserker began the quest for the Orb.
     0 | D:1      | Reached XP level 1. HP: 22/22 MP: 0/0
   182 | D:1      | Reached XP level 2. HP: 29/29 MP: 1/1
   301 | D:1      | Reached skill level 3 in Maces & Flails
   765 | D:1      | Reached XP level 3. HP: 35/36 MP: 2/2
   770 | D:1      | You fall into a shaft and drop 1 floor!
   864 | D:2      | Reached ** piety under Trog
   866 | D:2      | Noticed Natasha
   911 | D:2      | Reached XP level 4. HP: 34/45 MP: 3/3
   913 | D:2      | Killed Natasha
   998 | D:2      | Found a shadowy altar of Dithmenos.
  1210 | D:2      | Reached XP level 5. HP: 11/53 MP: 4/4
  1688 | D:3      | Reached skill level 4 in Maces & Flails
  2005 | D:3      | Found an ornate altar of the Wu Jian Council.
  2038 | D:3      | Noticed Sigmund
  2054 | D:3      | Killed Sigmund
  2054 | D:3      | Reached XP level 6. HP: 61/62 MP: 5/5
  2166 | D:3      | Found an ancient bone altar of Kikubaaqudgha.
  2166 | D:3      | Found a shimmering blue altar of Sif Muna.
  2174 | D:3      | Found a radiant altar of Vehumet.
  2282 | D:3      | Noticed Terence
  2291 | D:3      | Killed Terence
  2446 | D:4      | Reached skill level 5 in Maces & Flails
  2449 | D:4      | Reached XP level 7. HP: 37/71 MP: 6/6
  2797 | D:4      | Found an opulent altar of Gozag.
  2801 | D:4      | Found Goen's Book Shop.
  2816 | D:4      | Reached *** piety under Trog
  3287 | D:4      | Reached skill level 5 in Fighting
  3489 | D:5      | Entered Level 5 of the Dungeon
  3489 | D:5      | Found a runed translucent door.
  3542 | D:5      | Noticed paps's ghost (novice OpTm)
  3589 | D:5      | Killed paps's ghost
  3589 | D:5      | Reached skill level 6 in Maces & Flails
  3589 | D:5      | Reached XP level 8. HP: 81/81 MP: 7/7
  4319 | D:6      | Found Geiwaef's Antique Armour Boutique.
  4349 | D:6      | Bought a brightly glowing robe for 159 gold pieces
  4359 | D:6      | Identified the +1 robe of Hedge Wizardry {rPois} (You
                  | bought it in a shop on level 6 of the Dungeon)
  4391 | D:6      | Reached skill level 7 in Maces & Flails
  4463 | D:6      | Reached **** piety under Trog
  4569 | D:6      | Found a staircase to the Ecumenical Temple.
  4601 | D:6      | Reached skill level 5 in Dodging
  4601 | D:6      | Reached XP level 9. HP: 56/88 MP: 8/8
  4676 | D:6      | Found a sparkling altar of Nemelex Xobeh.
  5239 | D:7      | Noticed Maggie
  5252 | D:7      | Killed Maggie
  5252 | D:7      | Reached skill level 8 in Maces & Flails
  5320 | D:7      | Reached ***** piety under Trog
  5405 | D:7      | Noticed Menkaure
  5411 | D:7      | Found an iron altar of Okawaru.
  5423 | D:7      | Killed Menkaure
  5612 | D:7      | Found a blossoming altar of Fedhas.
  5612 | D:7      | Found a bloodstained altar of Trog.
  5849 | D:8      | Noticed Psyche
  5850 | D:8      | Noticed Prince Ribbit
  5864 | D:8      | Killed Prince Ribbit
  5867 | D:8      | Killed Psyche
  5867 | D:8      | Reached skill level 9 in Maces & Flails
  5867 | D:8      | Reached XP level 10. HP: 100/100 MP: 9/9
  6453 | D:8      | Found a staircase to the Lair.
  7497 | D:10     | Entered Level 10 of the Dungeon
  7631 | D:10     | Received a gift from Trog
  7631 | D:10     | Reached skill level 10 in Maces & Flails
  7669 | D:10     | Found a flagged portal.
  7706 | Bailey   | Entered a bailey
  8531 | D:10     | Noticed Erolcha
  8542 | D:10     | Reached XP level 11. HP: 60/115 MP: 10/10
  8844 | D:10     | Killed Erolcha
  9090 | D:11     | Noticed a death knight
  9091 | D:11     | Noticed a centaur warrior
  9261 | D:11     | Killed a centaur warrior
  9266 | D:11     | Killed a death knight
  9338 | D:11     | Got a twitching turquoise ring
  9340 | D:11     | Identified the ring "Nioxiok" {MP+9 AC+4} (You found it on
                  | level 11 of the Dungeon)
  9743 | D:11     | Noticed Harold
  9778 | D:11     | Killed Harold
  9778 | D:11     | Reached skill level 10 in Fighting
  9891 | D:11     | Found a bloodstained altar of Trog.
  9911 | D:11     | Reached skill level 11 in Maces & Flails
  9961 | D:11     | Noticed a green ugly thing
  9976 | D:11     | Killed a green ugly thing
 10146 | D:11     | Received a gift from Trog
 10194 | D:11     | Found a staircase to the Orcish Mines.
 10485 | D:11     | Noticed a two-headed ogre
 10495 | D:11     | Killed a two-headed ogre
 10552 | D:11     | Reached ****** piety under Trog
 10834 | D:12     | Noticed a red ugly thing
 10850 | D:12     | Killed a red ugly thing
 11777 | D:12     | Found Omoor's Magic Scroll Shoppe.
 11780 | D:12     | Bought a scroll of identify for 26 gold pieces
 11780 | D:12     | Bought a scroll of identify for 26 gold pieces
 11780 | D:12     | Bought a scroll of identify for 26 gold pieces
 11780 | D:12     | Bought a scroll of identify for 26 gold pieces
 11780 | D:12     | Bought a scroll of identify for 26 gold pieces
 11780 | D:12     | Bought a scroll of identify for 26 gold pieces
 11780 | D:12     | Bought a scroll of brand weapon for 260 gold pieces
 12276 | D:13     | Reached XP level 12. HP: 127/127 MP: 11/11
 12379 | D:13     | Received a gift from Trog
 12437 | D:13     | Noticed an ice dragon
 12457 | D:13     | Killed an ice dragon
 12556 | D:13     | You fall into a shaft and drop 2 floors!
 12556 | D:15     | Entered Level 15 of the Dungeon
 12557 | D:15     | Found Detubrug's Demolitions Depot.
 12712 | D:15     | Reached skill level 12 in Maces & Flails
 12770 | D:15     | Noticed a centaur warrior
 12789 | D:15     | Killed a centaur warrior
 12870 | D:15     | Noticed a two-headed ogre
 12877 | D:15     | Killed a two-headed ogre
 13378 | D:15     | Noticed a fire dragon
 13378 | D:15     | Noticed a fire dragon
 13392 | D:15     | Killed a fire dragon
 13398 | D:15     | Killed a fire dragon
 13401 | D:15     | Found a staircase to the Depths.
 13753 | D:14     | Found Barchy Iloadd's Assorted Antiques.
 13753 | D:14     | Noticed a centaur warrior
 14076 | D:15     | Killed a centaur warrior
 14076 | D:15     | Reached XP level 13. HP: 110/139 MP: 12/12
 14154 | D:14     | Bought a scroll labeled MAEDIHIGAIPP for 31 gold pieces
 14154 | D:14     | Bought a scroll of identify for 62 gold pieces
 14154 | D:14     | Bought a scroll of remove curse for 93 gold pieces
 14154 | D:14     | Bought a glowing yellow potion for 27 gold pieces
 14156 | D:14     | Identified 4 scrolls of acquirement
 14207 | D:14     | Reached skill level 13 in Maces & Flails
 14375 | D:15     | Reached skill level 5 in Shields
 14375 | D:15     | Reached XP level 14. HP: 148/148 MP: 13/13
 14376 | D:15     | Acquired the +6 giant club of the Pariah {holy, rN+ MR+
                  | Str+3 Int+3}
 14377 | D:15     | Acquired 2920 gold pieces
 14380 | D:15     | Acquired a scarf of shadows
 14768 | D:14     | Received a gift from Trog
 14983 | D:14     | Acquired a manual of Dodging
 15706 | D:14     | Reached skill level 1 in Armour
 15806 | D:14     | Got a transparent robe
 15817 | D:14     | Identified the +0 robe of the Doldrums {rElec rC- rCorr}
                  | (You found it on level 14 of the Dungeon)
 16198 | D:14     | Noticed Agnes
 16213 | D:14     | Killed Agnes
 16470 | D:13     | Noticed Snorg
 16479 | D:13     | Killed Snorg
 16518 | D:13     | Noticed Urug
 16533 | D:13     | Killed Urug
 16611 | D:13     | Reached skill level 10 in Dodging
 16688 | D:13     | Noticed Nessos
 16716 | D:13     | Noticed Josephine
 16731 | D:13     | Killed Josephine
 16731 | D:13     | Reached skill level 14 in Maces & Flails
 16820 | D:13     | Killed Nessos
 17041 | D:13     | Found a gate to the Vaults.
 17568 | Lair:1   | Entered Level 1 of the Lair of Beasts
 17644 | Lair:1   | Noticed Grum
 17657 | Lair:1   | Killed Grum
 17689 | Lair:1   | Reached XP level 15. HP: 110/161 MP: 14/14
 17754 | Lair:1   | Noticed Gastronok
 17766 | Lair:1   | Killed Gastronok
 17818 | Lair:1   | Noticed Nergalle
 17824 | Lair:1   | Killed Nergalle
 17864 | Lair:1   | Found a transporter.
 17871 | Lair:1   | Noticed Giuzximp's ghost (journeyman GnWn)
 17929 | Lair:1   | Found a transporter.
 17961 | Lair:1   | Killed Giuzximp's ghost
 18793 | Lair:2   | Found a staircase to the Swamp.
 19035 | Lair:2   | Found a hole to the Spider Nest.
 21059 | Lair:4   | Found a runed translucent gate.
 21060 | Lair:4   | Found a runed translucent gate.
 21061 | Lair:4   | Found a runed translucent gate.
 21067 | Lair:4   | Noticed Valentain's ghost (journeyman GnAE)
 21718 | Lair:4   | Killed Valentain's ghost
 21727 | Lair:4   | Identified the Reference Book on Translocation and Stolen
                  | Souls
 22017 | Lair:5   | Found a runed translucent door.
 22017 | Lair:5   | Found a viscous altar of Jiyva.
 22021 | Lair:5   | Found a staircase to the Slime Pits.
 22123 | Lair:5   | Got a scorched tin amulet
 22180 | Lair:5   | Received a gift from Trog
 22217 | Lair:5   | You fall into a shaft and drop 1 floor!
 22217 | Lair:6   | Entered Level 6 of the Lair of Beasts
 22250 | Lair:6   | Reached skill level 15 in Maces & Flails
 22252 | Lair:6   | Found a gate leading to a gauntlet.
 22271 | Lair:6   | Identified the amulet "Uher" {Spirit rN+ Str+4} (You found
                  | it on level 5 of the Lair of Beasts)
 22308 | Gauntlet | Entered a Gauntlet
 22308 | Gauntlet | Found a transporter.
 22308 | Gauntlet | Found a transporter.
 22312 | Gauntlet | Found a transporter.
 22312 | Gauntlet | Found a transporter.
 22321 | Gauntlet | Found a transporter.
 22340 | Gauntlet | Found a transporter.
 22350 | Gauntlet | Found a transporter.
 22354 | Gauntlet | Found a transporter.
 22360 | Gauntlet | Found a transporter.
 22381 | Gauntlet | Found a transporter.
 22390 | Gauntlet | Found a transporter.
 22436 | Gauntlet | Found a transporter.
 22447 | Gauntlet | Found a transporter.
 22461 | Gauntlet | Found a transporter.
 22561 | Gauntlet | Found a transporter.
 22577 | Gauntlet | Found a transporter.
 22836 | Gauntlet | Got a transparent turquoise ring
 22904 | Gauntlet | Identified the ring "Xiokha" {rPois MR++ Int+8 Dex-4
                  | Stlth+} (You found it in a Gauntlet)
 22984 | Gauntlet | Got a sparkling ivory ring
 22995 | Gauntlet | Identified the ring of Cynicism {Fire Str-2 Int+4 Stlth+}
                  | (You found it in a Gauntlet)
 23071 | Gauntlet | Identified the Reference Book on Bewitchment and
                  | Displacement
 23395 | Lair:6   | Reached skill level 5 in Armour
 23441 | Lair:6   | Reached XP level 16. HP: 116/172 MP: 13/15
 23535 | Lair:6   | Found a runed translucent gate.
 23536 | Lair:6   | Found a runed translucent gate.
 23538 | Lair:6   | Found a runed translucent gate.
 24028 | Lair:6   | Found a burning altar of Makhleb.
 24052 | Lair:6   | Received a gift from Trog
 24071 | Lair:6   | Found a gateway to Hell.
 24448 | Lair:6   | Noticed Murumi's ghost (journeyman DEFE)
 24569 | Lair:6   | Killed Murumi's ghost
 24624 | Lair:6   | Got the ring "Kucosuta" {Fire}
 24685 | Lair:6   | Identified the ring "Kucosuta" {Fire Stlth+} (You found it
                  | on level 6 of the Lair of Beasts)
 25271 | Orc:1    | Entered Level 1 of the Orcish Mines
 25451 | Orc:1    | Noticed Erica
 25461 | Orc:1    | Killed Erica
 25841 | Orc:2    | Entered Level 2 of the Orcish Mines
 26254 | Orc:2    | Received a gift from Trog
 26399 | Orc:2    | Found Awo Vog's Assorted Antiques.
 26415 | Orc:2    | Bought a scroll of teleportation for 78 gold pieces
 26415 | Orc:2    | Bought a scroll of identify for 52 gold pieces
 26415 | Orc:2    | Bought a potion of curing for 78 gold pieces
 26612 | Orc:2    | Found a roughly hewn altar of Beogh.
 26618 | Orc:2    | Found Kadwoy's Antique Armour Emporium.
 26632 | Orc:2    | Found Quydyjir's Antique Weapon Emporium.
 26635 | Orc:2    | Received a gift from Trog
 26683 | Orc:2    | Found a staircase to the Elven Halls.
 26780 | Orc:2    | Found Ikoosmura's Jewellery Emporium.
 26789 | Orc:2    | Found Cumaech's General Store.
 27035 | Orc:2    | Bought a scroll of enchant armour for 112 gold pieces
 27035 | Orc:2    | Bought a wand of digging (3) for 210 gold pieces
 27051 | Orc:2    | Bought a cursed ring of attention for 67 gold pieces
 27444 | Elf:1    | Entered Level 1 of the Elven Halls
 27799 | Elf:1    | Identified the Catalogue of Confrontation
 27944 | Elf:1    | Received a gift from Trog
 27995 | Elf:1    | Found a large runed translucent door.
 27995 | Elf:1    | Found a large runed translucent door.
 28001 | Elf:1    | Noticed brujo666's ghost (adept GnGl)
 28109 | Elf:1    | Reached XP level 17. HP: 182/182 MP: 16/16
 28122 | Elf:1    | Reached skill level 16 in Maces & Flails
 29263 | Elf:2    | Reached skill level 15 in Fighting
 29549 | Elf:2    | Found a runed translucent gate.
 29551 | Elf:2    | Found a runed translucent gate.
 29554 | Elf:2    | Found a runed translucent gate.
 29738 | Elf:2    | Received a gift from Trog
 30445 | Elf:3    | Entered Level 3 of the Elven Halls
 31320 | Elf:3    | Identified the +5 eveningstar "Okiut" {vorpal, rN+ Str+4
                  | Dex+3}
 31343 | Elf:3    | Received a gift from Trog
 31511 | Elf:3    | Identified the ring "Giuss" {rC+ EV+4 Slay+3}
 31734 | Elf:3    | Reached XP level 18. HP: 156/193 MP: 17/17
 31911 | Elf:3    | Reached skill level 15 in Dodging
 32248 | Elf:3    | Reached skill level 17 in Maces & Flails
 32257 | Elf:3    | Received a gift from Trog
 32478 | Elf:3    | Identified the +0 crystal plate armour "Urigekae" {rF+ MR+
                  | Str+7}
 32950 | Elf:3    | Identified the +0 scale mail of Inquiry {rF+ Dex+4 Stlth+}
 32952 | Elf:3    | Identified the +7 chain mail "Patewei" {rPois Dex+4}
 33335 | Elf:3    | Identified the +7 scimitar "Rito Mam" {vorpal, Dex+3 SInv
                  | Stlth-}
 33335 | Elf:3    | Identified the +10 plate armour of Nemelex Xobeh's Hatred
                  | {rN+ SInv Stlth+}
 33715 | Elf:3    | Acquired 1160 gold pieces
 33898 | Elf:3    | Found the +8 mithril axe "Arga" {speed, MR+}
 33914 | Elf:3    | Got a heavily runed brass ring
 33922 | Elf:3    | Identified Vonnun's Catalogue of Lethal Intoxication
 33958 | Elf:3    | Identified the ring "Tobeot" {*Drain +Inv rF+ Dex+8 Stlth+}
                  | (You found it on level 3 of the Elven Halls)
 34428 | Swamp:1  | Entered Level 1 of the Swamp
 34517 | Swamp:1  | Found a transporter.
 34528 | Swamp:1  | Found a transporter.
 34530 | Swamp:1  | Noticed Nites's ghost (adept OpFi)
 34641 | Swamp:1  | Got a coiled golden ring
 34832 | Swamp:1  | Received a gift from Trog
 34834 | Swamp:1  | Noticed Frances
 34841 | Swamp:1  | Killed Frances
 34927 | Swamp:1  | Identified the ring of the Tarantula {Ice Dex+3} (You found
                  | it on level 1 of the Swamp)
 35474 | Swamp:1  | Killed Nites's ghost
 35484 | Swamp:1  | HP: 11/294 [something (30)]
 35697 | Swamp:1  | Got a transparent bronze ring
 35729 | Swamp:1  | Identified the Collected Works on Sinister Feathers
 35732 | Swamp:1  | Identified the ring "Cablol" {*Tele rF- rN++} (You found it
                  | on level 1 of the Swamp)
 35821 | Swamp:2  | Found a sacrificial altar of Ru.
 35898 | Swamp:2  | Identified Roxanne's Incunabulum of Transmigration
 35898 | Swamp:2  | Noticed Roxanne
 35925 | Swamp:2  | Killed Roxanne
 36016 | Swamp:2  | Noticed Donald
 36040 | Swamp:2  | Killed Donald
 36280 | Swamp:2  | Reached XP level 19. HP: 204/204 MP: 18/18
 36283 | Swamp:2  | Found a transporter.
 36287 | Swamp:2  | Noticed Nites's ghost (adept OpFi)
 36512 | Swamp:2  | Found a transporter.
 37615 | Swamp:4  | Entered Level 4 of the Swamp
 37841 | Swamp:4  | HP: 8/205 [thorn hunter/volley of thorns (25)]
 39217 | Swamp:4  | Noticed the 27-headed Lernaean hydra
 39947 | Swamp:4  | Got a decaying rune of Zot
 40116 | Spider:1 | Entered Level 1 of the Spider Nest
 40782 | Spider:1 | Received a gift from Trog
 40942 | Spider:2 | Noticed Asterion
 41233 | Spider:2 | Reached skill level 18 in Maces & Flails
 41728 | Spider:2 | Killed Asterion
 42617 | Spider:3 | Got an ichor-stained cloak
 42618 | Spider:3 | Identified the +1 cloak of Enejamar {rC+} (You found it on
                  | level 3 of the Spider Nest)
 42644 | Spider:3 | Noticed Aizul
 42657 | Spider:3 | Killed Aizul
 43309 | Spider:3 | Reached skill level 10 in Shields
 43450 | Spider:3 | Reached XP level 20. HP: 137/217 MP: 19/19
 43740 | Spider:4 | Entered Level 4 of the Spider Nest
 44920 | Spider:4 | Received a gift from Trog
 44995 | Spider:4 | Got a gossamer rune of Zot
 45332 | Vaults:1 | Entered Level 1 of the Vaults
 46417 | Vaults:1 | Found a runed translucent gate.
 46417 | Vaults:1 | Found a runed translucent gate.
 46417 | Vaults:1 | Found a runed translucent gate.
 46418 | Vaults:1 | Noticed Lofupn's ghost (adept SpEn)
 46804 | Vaults:1 | Identified the +2 robe of Fabulous Awe {+Fly rPois Str+7
                  | Slay-2}
 46824 | Vaults:1 | HP: 8/327 [tengu warrior/+0 halberd (23)]
 46828 | Vaults:1 | Received a gift from Trog
 46829 | Vaults:1 | HP: 4/218 [poisoned by an orc knight]
 47175 | Vaults:1 | Found an iron altar of Okawaru.
 47190 | Vaults:1 | Killed Lofupn's ghost
 47372 | Vaults:2 | Reached skill level 10 in Armour
 47615 | Vaults:2 | Reached skill level 19 in Maces & Flails
 47626 | Vaults:2 | Reached XP level 21. HP: 160/228 MP: 14/20
 48400 | Vaults:2 | Found Bekheod's Armour Emporium.
 48821 | Vaults:3 | Noticed Boris
 48832 | Vaults:3 | Killed Boris
 49000 | Vaults:3 | Found a staircase to the Crypt.
 49000 | Vaults:3 | Found a basalt altar of Yredelemnul.
 49001 | Vaults:3 | Found an ancient bone altar of Kikubaaqudgha.
 49070 | Vaults:3 | Noticed Nikola
 49079 | Vaults:3 | Killed Nikola
 50438 | Vaults:4 | Received a gift from Trog
 51002 | Vaults:4 | Noticed Jory
 51024 | Vaults:4 | Killed Jory
 51024 | Vaults:4 | Reached XP level 22. HP: 168/236 MP: 15/21
 51482 | Vaults:4 | Identified Razxeu's Grimoire of Earth
 52371 | Vaults:4 | Identified the Compendium of Calling
 52817 | Crypt:1  | Entered Level 1 of the Crypt
 52997 | Crypt:1  | Received a gift from Trog
 53081 | Crypt:1  | Reached skill level 20 in Maces & Flails
 54320 | Crypt:2  | Received a gift from Trog
 55073 | Crypt:2  | Found a corrupted altar of Lugonu.
 55083 | Crypt:2  | Found a one-way gate to the infinite horrors of the Abyss.
 55452 | Crypt:2  | Received a gift from Trog
 55596 | Crypt:3  | Entered Level 3 of the Crypt
 55956 | Crypt:3  | Noticed a curse toe
 55957 | Crypt:3  | Identified the ring of the Shining Light {rF+ rN+ MR++
                  | SInv}
 55961 | Crypt:3  | Noticed a curse toe
 55963 | Crypt:3  | Killed a curse toe
 55963 | Crypt:3  | Reached XP level 23. HP: 139/248 MP: 17/22
 56205 | Crypt:3  | Killed a curse toe
 56427 | Crypt:3  | Found a staircase to the Tomb.
 56654 | Crypt:3  | Noticed an ancient lich
 56658 | Crypt:3  | Noticed an ancient lich
 56860 | Crypt:3  | Got a shimmering glass ring
 56877 | Crypt:3  | Killed an ancient lich
 56885 | Crypt:3  | Killed an ancient lich
 57069 | Crypt:3  | Got a twitching diamond amulet
 57080 | Crypt:3  | Identified the amulet "Luiczo" {Regen+ Str+3} (You found it
                  | on level 3 of the Crypt)
 57083 | Crypt:3  | Identified the ring "Zoihuthi" {rC++ rN+ Str+4} (You found
                  | it on level 3 of the Crypt)
 57210 | Crypt:3  | Got a sparkling turquoise ring
 57212 | Crypt:3  | Identified the ring "Xearo" {*Tele *Slow Int+4 Dex+2} (You
                  | found it on level 3 of the Crypt)
 57524 | Depths:1 | Entered Level 1 of the Depths
 57825 | Depths:1 | Received a gift from Trog
 58313 | Depths:1 | Found a one-way gate leading to the halls of Pandemonium.
 58396 | Depths:1 | Found Waozat's Jewellery Emporium.
 58396 | Depths:1 | Found Qetiaduw's Gadget Shop.
 58397 | Depths:1 | Found Ygig's Magic Scroll Shop.
 58401 | Depths:1 | Found Dirphif's Pet Rocks.
 58421 | Depths:1 | Found Viost's Jewellery Emporium.
 58482 | Depths:1 | Bought a cursed amulet of inaccuracy for 28 gold pieces
 58487 | Depths:1 | Bought the ring "Suntiv" {+Blink rPois rC- Int-3 Stlth+}
                  | for 470 gold pieces
 58676 | Depths:1 | Bought a scroll of identify for 30 gold pieces
 58676 | Depths:1 | Bought a scroll of remove curse for 45 gold pieces
 58676 | Depths:1 | Bought a scroll of remove curse for 45 gold pieces
 58676 | Depths:1 | Bought a scroll of fog for 30 gold pieces
 58676 | Depths:1 | Bought a scroll of fear for 52 gold pieces
 58676 | Depths:1 | Bought a scroll of teleportation for 45 gold pieces
 58676 | Depths:1 | Bought a scroll of teleportation for 45 gold pieces
 59605 | Depths:1 | Received a gift from Trog
 59923 | Depths:2 | Reached skill level 21 in Maces & Flails
 61078 | Depths:2 | Reached XP level 24. HP: 163/259 MP: 16/22
 62348 | Depths:2 | Found the +3 giant club "Skullcrusher" {speed, Str+7}
 63227 | Depths:3 | Received a gift from Trog
 63233 | Depths:3 | Found a gateway to a ziggurat.
 63233 | Depths:3 | Noticed an ancient lich
 63488 | Depths:3 | Killed an ancient lich
 64022 | Depths:3 | Found a gateway to a bazaar.
 64029 | Bazaar   | Entered a bazaar
 64029 | Bazaar   | Found Zede's Distillery.
 64048 | Bazaar   | Found Gaeclufo's General Store.
 64056 | Bazaar   | Bought a potion of curing for 33 gold pieces
 64056 | Bazaar   | Bought a scroll of identify for 22 gold pieces
 64056 | Bazaar   | Bought a scroll of identify for 22 gold pieces
 64059 | Bazaar   | Found Dallesos's Gadget Boutique.
 64067 | Bazaar   | Bought a wand of clouds (3) for 294 gold pieces
 64070 | Bazaar   | Found Xeryas's Antique Armour Emporium.
 64078 | Bazaar   | Found Tyvvojem's Antique Weapon Emporium.
 64098 | Bazaar   | Bought a potion of curing for 24 gold pieces
 64098 | Bazaar   | Bought 2 potions of stabbing for 64 gold pieces
 64098 | Bazaar   | Bought a potion of curing for 24 gold pieces
 64098 | Bazaar   | Bought a potion of heal wounds for 40 gold pieces
 64098 | Bazaar   | Bought a potion of flight for 24 gold pieces
 64098 | Bazaar   | Bought 2 potions of heal wounds for 80 gold pieces
 64098 | Bazaar   | Bought a potion of invisibility for 64 gold pieces
 64098 | Bazaar   | Bought a potion of curing for 24 gold pieces
 64098 | Bazaar   | Bought a potion of lignification for 24 gold pieces
 64098 | Bazaar   | Bought a potion of haste for 80 gold pieces
 64098 | Bazaar   | Bought a potion of heal wounds for 40 gold pieces
 64458 | Depths:3 | Received a gift from Trog
 64578 | Depths:3 | Found the +7 great mace "Firestarter" {inner flame, rF++}
 64960 | Depths:4 | Reached XP level 25. HP: 93/270 MP: 7/22
 65214 | Depths:5 | Entered Level 5 of the Depths
 65514 | Depths:4 | Reached skill level 1 in Evocations
 65549 | Depths:4 | Received a gift from Trog
 67242 | Depths:4 | Reached skill level 1 in Throwing
 68317 | Depths:5 | Found a gate to the Realm of Zot.
 69047 | Depths:5 | Received a gift from Trog
 69151 | Hell     | Entered the Vestibule of Hell
 69151 | Hell     | Noticed Geryon
 69572 | Hell     | Noticed Murray
 69862 | Depths:5 | Killed Murray
 70193 | Hell     | Killed Geryon
 71190 | Hell     | Received a gift from Trog
 71204 | Hell     | Reached skill level 5 in Evocations
 71389 | Hell     | Found a gateway to the decaying netherworld of Tartarus.
 71459 | Hell     | Found a gateway to the ashen valley of Gehenna.
 71517 | Hell     | Found a gateway to the Iron City of Dis.
 71560 | Hell     | Found a gateway to the freezing wastes of Cocytus.
 71745 | Depths:4 | Voluntarily entered the Abyss.
 71812 | Abyss:1  | Gained mutation: You are frail. (-10% HP) [a cacodemon]
 72005 | Abyss:1  | Reached XP level 26. HP: 201/255 MP: 16/22
 72266 | Abyss:1  | Reached skill level 22 in Maces & Flails
 72328 | Abyss:3  | Found a radiant altar of Vehumet.
 72534 | Depths:4 | Escaped the Abyss
 72699 | Depths:4 | Voluntarily entered the Abyss.
 72712 | Abyss:2  | Found a corrupted altar of Lugonu.
 72715 | Abyss:2  | Acquired 1140 gold pieces
 72762 | Abyss:2  | Found a corrupted altar of Lugonu.
 72996 | Abyss:3  | Received a gift from Trog
 73399 | Abyss:3  | Reached skill level 15 in Armour
 73417 | Abyss:3  | Paralysed by accursed screaming for 2 turns
 73424 | Abyss:3  | Paralysed by accursed screaming for 1 turns
 73522 | Abyss:3  | Received a gift from Trog
 73523 | Abyss:3  | Got a crystal morningstar {god gift}
 73524 | Abyss:3  | Identified the +7 morningstar of Jogg {vorpal, Dex+5
                  | Stlth+} (Trog gifted it to you on level 3 of the Abyss)
 73659 | Abyss:3  | Reached skill level 5 in Throwing
 73667 | Abyss:3  | Got an abyssal rune of Zot
 73836 | Depths:4 | Escaped the Abyss
 73903 | Zot:1    | Entered Level 1 of the Realm of Zot
 76075 | Zot:3    | Reached XP level 27. HP: 233/265 MP: 20/22
 77001 | Zot:4    | Received a gift from Trog
 78421 | Zot:5    | Entered Level 5 of the Realm of Zot
 79091 | Zot:5    | Noticed an ancient lich
 79106 | Zot:5    | Killed an ancient lich
 79132 | Zot:5    | Noticed an orb of fire
 79150 | Zot:5    | Killed an orb of fire
 79215 | Zot:5    | HP: 18/399 [electric golem (20)]
 79548 | Zot:5    | Reached skill level 10 in Evocations
 80158 | Zot:5    | Noticed an orb of fire
 80170 | Zot:5    | Gained mutation: You are clumsy. (Dex -2) [an orb of fire]
 80177 | Zot:5    | Gained mutation: Your body sometimes deteriorates upon
                  | taking damage. [an orb of fire]
 80181 | Zot:5    | Killed an orb of fire
 80182 | Zot:5    | Lost mutation: You are frail. (-10% HP) [potion of
                  | mutation]
 80182 | Zot:5    | Lost mutation: Your body sometimes deteriorates upon taking
                  | damage. [potion of mutation]
 80182 | Zot:5    | Lost mutation: You are clumsy. (Dex -2) [potion of
                  | mutation]
 80182 | Zot:5    | Gained mutation: You evolve. [potion of mutation]
 80182 | Zot:5    | Gained mutation: You have large cloven feet. [potion of
                  | mutation]
 80182 | Zot:5    | Gained mutation: Your body sometimes deteriorates upon
                  | taking damage. [potion of mutation]
 80182 | Zot:5    | Gained mutation: You have a pair of small antennae on your
                  | head. [potion of mutation]
 80382 | Zot:5    | Noticed an ancient lich
 80568 | Zot:5    | Killed an ancient lich
 80728 | Zot:5    | Noticed an orb of fire
 81248 | Zot:5    | Gained mutation: You have a beak for a mouth. [evolution]
 81407 | Zot:5    | Received a gift from Trog
 81752 | Zot:5    | Noticed an ancient lich
 81777 | Zot:5    | Noticed an orb of fire
 81784 | Zot:5    | Lost mutation: You have a pair of small antennae on your
                  | head. [an orb of fire]
 81796 | Zot:5    | Killed an orb of fire
 81809 | Zot:5    | Killed an orb of fire
 82041 | Zot:5    | Killed an ancient lich
 82242 | Zot:5    | Upgraded the game from 0.26-a0-487-gbff1e92059 to
                  | 0.26-a0-489-g112e8ad46e
 82244 | Zot:5    | Got the Orb of Zot
 82758 | D:9      | Noticed Vyibe the pandemonium lord
 82765 | D:9      | Killed Vyibe the pandemonium lord
 82919 | D:6      | Noticed Gaasso the pandemonium lord
 83187 | D:1      | Lost mutation: You evolve. [potion of mutation]
 83187 | D:1      | Lost mutation: Your body sometimes deteriorates upon taking
                  | damage. [potion of mutation]
 83187 | D:1      | Lost mutation: You have large cloven feet. [potion of
                  | mutation]
 83187 | D:1      | Gained mutation: Your body sometimes deteriorates upon
                  | taking damage. [potion of mutation]
 83187 | D:1      | Gained mutation: Your flesh is heat resistant. (rF+)
                  | [potion of mutation]
 83188 | D:1      | Lost mutation: Your flesh is heat resistant. (rF+) [potion
                  | of mutation]
 83188 | D:1      | Lost mutation: Your body sometimes deteriorates upon taking
                  | damage. [potion of mutation]
 83188 | D:1      | Gained mutation: You are dopey. (Int -2) [potion of
                  | mutation]
 83188 | D:1      | Gained mutation: You are somewhat resistant to further
                  | mutation. [potion of mutation]
 83191 | D:$      | Escaped with the Orb!

Illustrated notes

Levels and vault maps discovered:
D:1:      psy_arrival_radial02, layout_basic
D:2:      layout_basic, lemuel_crystal_altar, uniq_natasha
D:3:      layout_loops_ring, grunt_temple_overflow_magic_moments,
          nicolae_overflow_crystal_walls, chequers_serial_rivers_micro_e,
          uniq_terence, uniq_sigmund
D:4:      layout_gridville, nicolae_gozag_seed_capital, serial_shops, shop
D:5:      layout_basic, ebering_ghost_sewer_d, minmay_diced_spiral
D:6:      minmay_bubble_buster, layout_cave_pools,
          nemelex_xobeh_ov_fountains_minmay, temple_pool_b, serial_shops, shop,
          serial_glass, glass_columns_b, glass_columns_a, glass_columns_a,
          minmay_splitting_lines
D:7:      layout_cave_pools, gammafunk_temple_overflow_elements, okawaru_humans,
          uniq_maggie, uniq_menkaure
D:8:      layout_cave_pools, david_lair_shrubbed, uniq_psyche,
          uniq_prince_ribbit1
D:9:      layout_roguey, minmay_fountain_box
D:10:     layout_big_octagon, enter_bailey_2, uniq_erolcha
D:11:     minmay_ambush_box, layout_irregular_city, hiddenorc2_lemuel,
          basic_altar, uniq_harold
D:12:     lemuel_flame_loot_2, layout_basic, serial_shops,
          nicolae_shop_behind_doors, minmay_holes
D:13:     layout_loops_corners, david_vaults_3, uniq_josephine, uniq_snorg,
          uniq_urug
D:14:     layout_roguey [special_room_bee], serial_shops, shop_coins,
          minmay_statue_bubble, uniq_agnes
D:15:     grunt_enter_depths_hoard, layout_cave_pods, minmay_misc_feat_cross,
          nicolae_blasting_shop
Lair:1:   layout_loops_ring, gammafunk_ghost_berserking_beasts, uniq_nergalle,
          uniq_gastronok, uniq_grum
Lair:2:   layout_loops_ring, swamp_mist_pool, dummy_spider_entry, st_stairs_7,
          chequers_serial_rivers_micro_a
Lair:3:   layout_cellular_growth
Lair:4:   beast_lair_carwin_large_2, layout_small_grid,
          gammafunk_ghost_necromancy
Lair:5:   layout_regular_city, slime_altar_2, worms_lemuel
Lair:6:   evil_forest, layout_layer_cave, gauntlet_entry_generic,
          gammafunk_ghost_icy
Swamp:1:  layout_basic_swamp, gammafunk_ghost_mausoleum,
          evilmike_swamp_ruin_house_5, uniq_frances
Swamp:2:  layout_basic_swamp, gammafunk_ghost_arena, lemuel_altar_in_water,
          uniq_donald, uniq_roxanne
Swamp:3:  layout_falls_marsh, hangedman_swamp_blocks, cheibrodos_swamp_kobolds
Swamp:4:  swamp_old_school, layout_basic_swamp
Spider:1: layout_spider_delve
Spider:2: layout_spider_delve, nicolae_spider_cling_ruins, uniq_asterion
Spider:3: layout_chambers, uniq_aizul
Spider:4: guppyfry_spider_rune
Orc:1:    layout_caves, uniq_erica
Orc:2:    grunt_orc_cross, layout_caves, serial_shops, shop,
          guppyfry_orc_lava_fort
Elf:1:    eino_elf_arrival_shootout, layout_loops_cross,
          ebering_ghost_disaster_area, minmay_elf_annihilation,
          grunt_ministairs_13
Elf:2:    layout_geoelf_octagon
Elf:3:    minmay_elf_hall_spiked, layout_geoelf_diagonals,
          minmay_the_grid_square_5x5_3x3_mashed
          [minmay_the_grid_square_5x5_inner_i, minmay_the_grid_square_5x5_z,
          minmay_the_grid_square_5x5_two_walls_b,
          minmay_the_grid_square_5x5_gyroscope,
          minmay_the_grid_square_5x5_megaprize_open,
          minmay_the_grid_square_5x5_intrusive_squares,
          minmay_the_grid_square_5x5_two_walls_a,
          minmay_the_grid_square_5x5_percent, minmay_the_grid_square_5x5_two],
          grunt_megastairs_3
Vaults:1: gammafunk_vaults_ghost_fury_of_okawaru, ontoclasm_vaults_ring_square,
          nicolae_vaults_little_squares_1, v_misc_3, v_misc_5, vaults_mumra_hex,
          nicolae_vaults_yaktaur_gun_rack, vaults_dpeg_diagonal,
          layout_vaults_omnigrid
Vaults:2: nicolae_vaults_puzzle_piece, v_rooms_5, v_misc_33, v_pattern_3,
          vaults_room_semicircle, nicolae_vaults_ninety_degrees,
          grunt_vaults_hallway_long, hangedman_vaults_locks, v_misc_16,
          layout_vaults_ring, serial_shops, nicolae_shop_crystal
Vaults:3: v_misc_8, grunt_vaults_diagonal, vaults_room_hallway,
          ontoclasm_vaults_ring_square, minmay_crypt_entry_necro_gods,
          ontoclasm_vaults_idyll, hangedman_vaults_corner_blocks,
          grunt_vaults_funnel, vaults_room_stairs_pillars, v_misc_2, v_misc_12,
          hangedman_vaults_nails, hangedman_vaults_nails,
          grunt_vaults_hallway_long, layout_vaults_omnicross, uniq_boris,
          uniq_nikola
Vaults:4: nicolae_vaults_network_square, st_lattice, vaults_dpeg_spiral,
          nicolae_vaults_triangles, v_rooms_5, hangedman_vaults_capsules,
          ontoclasm_vaults_decontamination, vaults_mumra_hexcomb,
          vaults_room_stairs_pillars, nicolae_vaults_mini_display_case,
          layout_vaults_chaotic_city, serial_hangedman_research,
          hangedman_research_convocations, hangedman_research_geology, uniq_jory
Crypt:1:  layout_basic, grunt_crypt_arrival_webbed
Crypt:2:  due_chaos_kobolds, layout_gridlike, grunt_ministairs_4,
          item_on_display_a
Crypt:3:  david_glass_crypt, layout_gridlike, tomb_entry_forgotten_bobbens,
          st_burial_chamber, uniq_margery
Depths:1: layout_gridville, pan_entry, serial_shops, shop_statue,
          hangedman_decor_push, minmay_room_of_horrors, hell_entry,
          guppyfry_shop_earth, serial_bayou_shore_b, minmay_shop_grove
Depths:2: grunt_house_of_mirrors, layout_gridlike, grunt_metal_band,
          serial_glass, glass_columns_b, glass_columns_a,
          grunt_pan_entry_in_and_out, kennysheep_nub, lightli_fourway_metalbox
Depths:3: minmay_expanding_squares, layout_long_grid, enter_ziggurat_c,
          grunt_hell_entry_dis_mu, nrook_mini_vaults, abyss_entry,
          rand_demon_pan_entry_5, serial_shops, bzr_entry_dummy, drop_trap,
          lemuel_flamethrower_3, infiniplex_staircase_zigzag_3
Depths:4: hangedman_arrow_trap, layout_gridlike, abyss_entry, hell_entry,
          patterned_corridor, infiniplex_staircase_star
Depths:5: grunt_zot_entry_tricorne, layout_basic, pf_dread_powers_of_hell
Hell
Zot:1:    layout_cellular_growth
Zot:2:    layout_twisted_circle
Zot:3:    layout_gridlike
Zot:4:    layout_onion_interference, st_stairs_4, lemuel_flame_loot_1
Zot:5:    layout_basic

Skill      XL: |  1  2  3  4  5  6  7  8  9 10 11 12 13 14 15 16 17 18 19 20 21 22 23 24 25 26 27 |
---------------+----------------------------------------------------------------------------------+-----
Maces & Flails | 3 4 5 6 7 9 10 11 12 13 14 15 16 17 18 19 20 21 22 | 22.9
Fighting       | 3 4 5 6 8 9 10 12 13 14 15 16 17 18 19 20 21 | 21.4
Dodging        | 3 4 5 6 7 8 9 10 12 13 14 15 16 17 18 19 21 | 21.0
Shields        | 5 6 7 8 9 10 11 12 13 | 13.0
Armour         | 3 5 6 7 8 9 10 11 12 13 14 15 17 | 17.4
Evocations     | 5 7 11 | 11.2
Throwing       | 3 6 9 |  9.3

Action                   |  1- 3 |  4- 6 |  7- 9 | 10-12 | 13-15 | 16-18 | 19-21 | 22-24 | 25-27 || total
-------------------------+-------+-------+-------+-------+-------+-------+-------+-------+-------++-------
Melee: Mace              |   148 |   225 |   374 |   582 |       |       |       |       |       ||  1329
       Flail             |       |       |    14 |    50 |       |       |       |       |       ||    64
       Rapier            |       |       |       |    61 |       |       |       |       |       ||    61
       Eveningstar       |       |       |       |   209 |  1148 |  1914 |  2114 |   924 |       ||  6309
       Giant club        |       |       |       |     8 |       |       |       |   871 |  2280 ||  3159
       Kick              |       |       |       |       |       |       |       |       |   141 ||   141
       Peck              |       |       |       |       |       |       |       |       |    66 ||    66
       Great mace        |       |       |       |       |       |       |       |       |    18 ||    18
Throw: Javelin           |       |       |       |       |       |     2 |       |       |    16 ||    18
Invok: Trog's Hand       |     2 |       |       |     3 |     3 |     4 |     4 |     2 |     8 ||    26
       Berserk           |     1 |     4 |     8 |     8 |     6 |     2 |     3 |     5 |     8 ||    45
       Brothers in Arms  |       |       |       |     6 |     9 |    16 |    14 |     5 |    24 ||    74
Evoke: Wand              |       |       |       |       |    11 |     3 |     1 |     4 |    11 ||    30
       Tin of tremorston |       |       |       |       |       |     1 |       |       |     3 ||     4
  Use: Potion            |       |     2 |     1 |     4 |     6 |     5 |     9 |     1 |    21 ||    49
       Scroll            |       |       |     6 |    17 |    16 |    10 |    11 |     4 |    17 ||    81
 Stab: Sleeping          |     2 |       |       |       |       |       |    10 |     7 |     1 ||    20
       Confused          |       |       |       |       |       |     6 |       |     1 |       ||     7
       Distracted        |       |       |       |       |       |     4 |     1 |     9 |     5 ||    19
       Invisible         |       |       |       |       |       |     1 |       |       |       ||     1
       Petrifying        |       |       |       |       |       |     1 |       |       |       ||     1
Armor: Animal skin       |    95 |   109 |    59 |       |       |       |       |       |       ||   263
       Robe              |       |       |    88 |   343 |   360 |   576 |   524 |   364 |   189 ||  2444
       Skin              |       |       |       |     6 |       |       |       |       |       ||     6
       Gold dragon scale |       |       |       |       |       |       |       |       |   540 ||   540
Dodge: Dodged            |   135 |   140 |   204 |   556 |   632 |   777 |  1269 |  1329 |  1567 ||  6609
Block: Other             |       |       |    21 |   219 |   152 |       |       |       |       ||   392
       Reflection        |       |       |       |    18 |     4 |       |       |       |       ||    22
       Kite shield       |       |       |       |       |   330 |  1137 |  1613 |   155 |       ||  3235

Table legend: (Time is in decaauts)
 A = Elapsed time spent in this place.
 B = Non-inter-level travel time spent in this place.
 C = Inter-level travel time spent in this place.
 D = Time resting spent in this place.
 E = Time spent auto-exploring this place.
 F = Levels seen in this place.
 G = Mean time per level.
                   A        B        C        D        E       F      G
               +--------+--------+--------+--------+--------+-----+--------+
         Total |  80873 |  76848 |   4025 |  27562 |  30261 |  61 | 1325.8 |
       Dungeon |  19022 |  17621 |   1401 |   5611 |   7834 |  15 | 1268.1 |
          Lair |   6875 |   6575 |    300 |   1072 |   4071 |   6 | 1145.8 |
         Swamp |   5771 |   5440 |    331 |   2082 |   2016 |   4 | 1442.8 |
   Spider Nest |   4677 |   4463 |    214 |   1439 |   1858 |   4 | 1169.2 |
  Orcish Mines |   2124 |   1955 |    169 |    336 |   1026 |   2 | 1062.0 |
   Elven Halls |   6484 |   6240 |    244 |   2725 |   1542 |   3 | 2161.3 |
        Vaults |   7263 |   6964 |    299 |   2199 |   3163 |   4 | 1815.8 |
         Crypt |   4346 |   4133 |    213 |   1619 |   1552 |   3 | 1448.7 |
        Depths |  12140 |  11629 |    511 |   6550 |   2802 |   5 | 2428.0 |
          Hell |   1166 |   1141 |     25 |    528 |    243 |   1 | 1166.0 |
           Zot |   7792 |   7479 |    313 |   3011 |   2634 |   5 | 1558.4 |
         Abyss |   1694 |   1694 |      0 |    186 |    770 |   6 |  282.3 |
        Bazaar |     80 |     80 |      0 |      0 |     59 |   1 |   80.0 |
        Bailey |    587 |    587 |      0 |     90 |    186 |   1 |  587.0 |
      Gauntlet |    846 |    846 |      0 |    109 |    500 |   1 |  846.0 |
               +--------+--------+--------+--------+--------+-----+--------+

Top non-repeatable levels by time:
   Zot:5: 3690 daAuts
   Elf:3: 3214 daAuts
Depths:5: 3183 daAuts
    D:15: 2978 daAuts
Depths:2: 2658 daAuts
 Swamp:4: 2477 daAuts
Depths:4: 2438 daAuts
Vaults:4: 2245 daAuts
   Elf:2: 1968 daAuts
Vaults:1: 1968 daAuts
Depths:3: 1959 daAuts
Depths:1: 1899 daAuts
    D:14: 1819 daAuts
    D:11: 1674 daAuts
 Crypt:1: 1654 daAuts
